 Dungeon Crawl Stone Soup version 0.30.1-11-g7821555f0a (webtiles) character file.

Game seed: 4158622057886634434

77 cowcol the Trooper (level 4, 0/41 HPs)
             Began as a Minotaur Fighter on Dec 23, 2023.
             Succumbed to Terence's poison
             ... on level 2 of the Dungeon.
             The game lasted 00:04:47 (930 turns).

cowcol the Trooper (Minotaur Fighter)                Turns: 930, Time: 00:04:48

Health: 0/41       AC:  8    Str: 23    XL:     4   Next: 13%
Magic:  3/3        EV:  9    Int:  5    God:
Gold:   66         SH:  4    Dex:  9    Spells: 3/3 levels left

rFire   . . .        a - +0 war axe
rCold   . . .        c - +0 buckler
rNeg    . . .        b - +0 scale mail
rPois   .            (helmet restricted)
rElec   .            (no cloak)
rCorr   .            f - +0 pair of gloves
SInv    .            (no boots)
Will    .....        (no amulet) Stlth
                     (no ring)
HPRegen 0.26/turn    (no ring)
MPRegen 0.08/turn

%: no passive effects
@: lethally poisoned (0 -> -17), attractive
A: horns 2, retaliatory headbutt
a: no special abilities


You were on level 2 of the Dungeon.
You visited 1 branch of the dungeon, and saw 2 of its levels.

You collected 66 gold pieces.

Inventory:

Hand Weapons
 a - a +0 war axe (weapon)
 g - a +0 whip of flaming
Missiles
 j - 4 boomerangs (quivered)
Armour
 b - a +0 scale mail (worn)
 c - a +0 buckler (worn)
 f - a +0 pair of gloves (worn)
Scrolls
 e - a scroll of teleportation
 h - a scroll of butterflies
 i - a scroll of silence {unknown}
 k - a scroll of identify {unknown}
 l - a scroll of magic mapping {unknown}


   Skills:
 + Level 4.4 Fighting
 + Level 3.6 Axes
 + Level 4.3 Armour
 + Level 4.1 Shields


You had 3 spell levels left.
You didn't know any spells.
Your spell library was empty.

Dungeon Overview and Level Annotations

Branches:
Dungeon (2/15)

Altars:


Innate Abilities, Weirdness & Mutations

You have a pair of horns on your head.
You reflexively headbutt those who attack you in melee.


Message History

You barely miss the bat.
You feel sick. The bat barely misses you. Terence closely misses you.
You block the bat's attack.
You barely miss Terence. You headbutt Terence, but do no damage.
Terence is moderately wounded.
You barely miss the bat.
You feel sick. The bat hits you but does no damage. Terence barely misses you.
The bat hits you but does no damage. Terence hits you but does no damage.
You are more poisoned.
You slash Terence!
Terence is severely wounded.
You barely miss the bat.
You feel very sick. The bat hits you but does no damage.
Terence hits you but does no damage. The bat is attracted toward you.
You barely miss Terence. Your headbutt misses Terence.
Terence is severely wounded.
You barely miss the bat.
You feel very sick. The bat hits you but does no damage. x2
Terence hits you with a +0 mace of venom.
You are more poisoned.
You barely miss Terence.
Terence is severely wounded.
You closely miss the bat.
You feel very sick. The bat hits you but does no damage.
The bat barely misses you. You furiously retaliate!
You headbutt the bat.
You kill the bat!
Terence hits you with a +0 mace of venom.
* * * LOW HITPOINT WARNING * * *
You are more poisoned.
You block Terence's attack.
You slash Terence!
You kill Terence!
* * * LOW HITPOINT WARNING * * *
You feel extremely sick.
You have reached level 4!
You feel stronger.
You aren't carrying any potions.
You die...

### ## #.. .# ... .. #
#.## .# #.#.. ..#
#.#.#$##..#
##..).#...#### #
#...#(@.......
.###.#.##?#..#####
#.#.#.....#.##
#..##.###.#.# #
#..##.......# #>
#..#######..####.##
####.##.b.......#........
......b#.#######..####.#.
####.#b#.......b#...###


There were no monsters in sight!

Vanquished Creatures
  Terence (D:2)
  Robin (D:2)
  An adder (D:2)
  A worm (D:2)
  A dart slug (D:2)
  3 bats
  An endoplasm (D:1)
  7 goblins (D:2)
  3 hobgoblins
  4 kobolds
  2 ball pythons
  A frilled lizard (D:1)
  A rat (D:1)
27 creatures vanquished.

Vanquished Creatures (others)
  A goblin (D:2)
1 creature vanquished.

Grand Total: 28 creatures vanquished

Notes
Turn   | Place    | Note
-------+----------+-------------------------------------------
     0 | D:1      | cowcol the Minotaur Fighter began the quest for the Orb.
     0 | D:1      | Reached XP level 1. HP: 19/19 MP: 0/0
   403 | D:1      | Reached XP level 2. HP: 27/27 MP: 1/1
   696 | D:2      | Noticed Robin
   703 | D:2      | Reached XP level 3. HP: 27/33 MP: 2/2
   708 | D:2      | Killed Robin
   919 | D:2      | Noticed Terence
   929 | D:2      | Killed Terence
   930 | D:2      | Reached XP level 4. HP: 4/41 MP: 3/3
   930 | D:2      | Succumbed to Terence's poison

Illustrated notes

Levels and vault maps discovered:
D:1:      enne_arrival_octagon_isle, layout_basic, minmay_misc_feat_x
D:2:      layout_loops_ring, dreamdust_mushroom_princess, minmay_tromino_mix6,
          uniq_robin, uniq_terence

Skill      XL: |  1  2  3 |
---------------+----------+-----
Fighting       | 4 |  4.4
Shields        | 4 |  4.1
Armour         | 4 |  4.3
Axes           | 3 |  3.6

Action                     |  1- 3 |  4- 6 || total
---------------------------+-------+-------++-------
  Melee: War axe           |    61 |       ||    61
         Headbutt          |     6 |       ||     6
    Use: Scroll            |     2 |       ||     2
         Potion            |     2 |       ||     2
 Armour: Scale mail        |    48 |       ||    48
  Dodge: Dodged            |    37 |       ||    37
  Block: Buckler           |    17 |       ||    17
